 Dungeon Crawl Stone Soup version 0.31-a0-142-g31f6795574 (webtiles) character file.

Game seed: 11596372318426528939

42 timneilson the Shield-Bearer (level 3, -1/23 HPs)
             Began as a Gargoyle Fighter on June 3, 2023.
             Slain by Terence
             ... wielding a +0 mace
              (4 damage)
             ... on level 2 of the Dungeon.
             The game lasted 00:01:40 (1027 turns).

timneilson the Shield-Bearer (Gargoyle Fighter)     Turns: 1027, Time: 00:01:40

Health: -1/23      AC: 10    Str: 19    XL:     3   Next: 56%
Magic:  3/3        EV:  9    Int:  8    God:
Gold:   53         SH:  4    Dex: 11    Spells: 2/2 levels left

rFire   . . .        a - +0 long sword
rCold   . . .        c - +0 buckler
rNeg    + . .        b - +0 scale mail
rPois   ∞            (no helmet)
rElec   +            (no cloak)
rCorr   .            (no gloves)
SInv    .            (no boots)
Will    .....        (no amulet) Stlth
                     (no ring)
HPRegen 0.23/turn    (no ring)
MPRegen 0.08/turn

%: no passive effects
@: no status effects
A: sickness immunity, AC +3, negative energy resistance 1, electricity
resistance, torment resistance 1, petrification resistance
a: no special abilities


You were on level 2 of the Dungeon.
You visited 1 branch of the dungeon, and saw 2 of its levels.

You collected 53 gold pieces.

Inventory:

Hand Weapons
 a - a +0 long sword (weapon)
Armour
 b - a +0 scale mail (worn)
 c - a +0 buckler (worn)
Wands
 f - a wand of iceblast (11)
Scrolls
 e - 3 scrolls of amnesia
 g - a scroll of teleportation {unknown}
Potions
 d - 2 potions of might
 i - a potion of magic {unknown}


   Skills:
 + Level 3.4 Fighting
 * Level 2.3 Long Blades
 * Level 3.7 Armour
 + Level 0.4 Dodging
 * Level 3.9 Shields
 + Level 0.0 Evocations


You had 2 spell levels left.
You didn't know any spells.
Your spell library contained the following spells:

 Spells                   Type           Power      Damage    Failure   Level
 Ensorcelled Hibernation  Hex/Ice        0%         N/A       94%         2
 Lesser Beckoning         Tloc           0%         N/A       94%         2
 Passwall                 Tmut/Erth      0%         N/A       94%         2
 Gell's Gravitas          Tloc           0%         N/A       99%         3
 Swiftness                Air            0%         N/A       99%         3
 Teleport Other           Tloc           0%         N/A       99%         3
 Summon Ice Beast         Ice/Summ       0%         N/A       100%        4
 Summon Mana Viper        Hex/Summ       0%         N/A       100%        5
 Monstrous Menagerie      Summ           0%         N/A       100%        7


Dungeon Overview and Level Annotations

Branches:
Dungeon (2/15)

Altars:

Annotations:
D:2 Terence


Innate Abilities, Weirdness & Mutations

You are immune to sickness and miasma.
Your stone body is resilient. (AC +3)
You are immune to poison.
You resist negative energy. (rN+)
You are resistant to electric shocks. (rElec)
You are resistant to unholy torment.
You are immune to petrification.


Message History

No target in view!
No target in view!
No target in view!
No target in view!
No target in view!
No target in view!
Found a ring mail.
f - a wand of iceblast (11)
Found a stone staircase leading down.
g - a scroll labelled GUYHUA BIFU You pick up a book of Displacement and begin reading...
You add the spells Lesser Beckoning, Gell's Gravitas and Teleport Other to your library.
There is a stone staircase leading down here.
Terence the Incautious comes into view.
He is wielding a +0 mace and wearing a +2 chain mail of poison resistance.
You hit Terence.
Terence is moderately wounded.
Terence hits you with a +0 mace!
You barely miss Terence.
Terence is moderately wounded.
Terence hits you with a +0 mace. You block Terence's attack.
You barely miss Terence.
Terence is moderately wounded.
Terence hits you but does no damage.
You hit Terence but do no damage.
Terence is moderately wounded.
Terence barely misses you.
You barely miss Terence.
Terence is moderately wounded.
Terence closely misses you. Terence barely misses you.
You hit Terence but do no damage.
Terence is lightly wounded.
Terence hits you with a +0 mace.
You hit Terence.
Terence is moderately wounded.
Terence hits you with a +0 mace.
* * * LOW HITPOINT WARNING * * *
You hit Terence but do no damage.
Terence is moderately wounded.
Terence hits you with a +0 mace.
You die...

..............##.###
.#.......[.........[.
..###.####.#..##....>
..# #.# #.#..#######
..###.####.#.......
..##...##>#.######
.........###.....#
..##...##.#.####.#
..###.####.## #@# ..#
#.# #.# #@# .####.#
#.# #.# ......# #.#
#.# .###### #.. #.#
##### ##. #.# ..... .
#.# ##### .# #.# ..#


You could see Terence.

Vanquished Creatures
  A dart slug (D:1)
  2 bats (D:1)
  3 endoplasms (D:1)
  5 giant cockroaches (D:1)
  2 goblins
  3 hobgoblins (D:1)
  3 jackals (D:1)
  4 kobolds (D:1)
  2 quokkas (D:1)
  A ball python (D:1)
  4 frilled lizards
  5 rats
35 creatures vanquished.

Notes
Turn   | Place    | Note
-------+----------+-------------------------------------------
     0 | D:1      | timneilson the Gargoyle Fighter began the quest for the
                  | Orb.
     0 | D:1      | Reached XP level 1. HP: 14/14 MP: 1/1
   213 | D:1      | Reached XP level 2. HP: 13/19 MP: 2/2
   475 | D:1      | Reached XP level 3. HP: 10/23 MP: 3/3
  1017 | D:2      | Noticed Terence
  1027 | D:2      | Slain by Terence

Illustrated notes

Levels and vault maps discovered:
D:1:      eino_arrival_water_cross, layout_basic, st_stairs_1
D:2:      layout_loops_ring, uniq_terence

Skill      XL: |  1 |
---------------+----+-----
Long Blades    | 2 |  2.3
Fighting       | |  3.4
Armour         | |  3.7
Dodging        | |  0.4
Shields        | |  3.9

Action                     || total
---------------------------++-------
  Melee: Long sword        ||   122
    Use: Scroll            ||     3
 Armour: Scale mail        ||    77
  Dodge: Dodged            ||    71
  Block: Buckler           ||    47

Table legend: (Time is in decaauts)
 A = Elapsed time spent in this place.
 B = Non-inter-level travel time spent in this place.
 C = Inter-level travel time spent in this place.
 D = Time resting spent in this place.
 E = Time spent auto-exploring this place.
 F = Levels seen in this place.
 G = Mean time per level.
                   A        B        C        D        E       F      G
               +--------+--------+--------+--------+--------+-----+--------+
         Total |   1066 |   1023 |     43 |      0 |    718 |   2 |  533.0 |
       Dungeon |   1066 |   1023 |     43 |      0 |    718 |   2 |  533.0 |
               +--------+--------+--------+--------+--------+-----+--------+

Top non-repeatable levels by time:
     D:1: 975 daAuts
     D:2: 90 daAuts
